 Dungeon Crawl Stone Soup version 0.25-a0-317-g5f8687b (webtiles) character file.

Game seed: 11734322428696413871, levelgen mode: deterministic

68 Firecrotchwizard the Gusty (level 4, 0/24 HPs)
             Began as a Tengu Air Elementalist on Dec 25, 2019.
             Slain by a jackal (1 damage)
             ... on level 2 of the Dungeon.
             The game lasted 00:05:07 (1940 turns).

Firecrotchwizard the Gusty (Tengu Air Elementalist) Turns: 1940, Time: 00:05:08

Health: 0/24       AC:  2    Str:  9    XL:     4   Next: 19%
Magic:  8/8        EV: 12    Int: 16    God:
Gold:   122        SH:  0    Dex: 14    Spells: 2/8 levels left

rFire    . . .     SeeInvis .   k - +0 dagger
rCold    . . .     Gourm    .   (no shield)
rNeg     . . .     Faith    .   a - +0 robe
rPois    +         Spirit   .   (helmet restricted)
rElec    .         Reflect  .   (no cloak)
rCorr    .         Harm     .   (no gloves)
MR       .....                  (boots unavailable)
Stlth    ++........             (no amulet)
HPRegen  0.08/turn              j - ring of poison resistance {rPois, !d}
MPRegen  0.11/turn              (no ring)

@: no status effects
A: beak, talons 3
a: no special abilities


You were on level 2 of the Dungeon.
You were not hungry.

You visited 1 branch of the dungeon, and saw 2 of its levels.

You collected 122 gold pieces.

Inventory:

Hand Weapons
 g - a +0 club
   (You took it off a goblin on level 1 of the Dungeon)
 k - a +0 dagger (weapon)
   (You took it off a kobold on level 1 of the Dungeon)
Armour
 a - a +0 robe (worn)
Jewellery
 j - a ring of poison resistance (left hand) {rPois, !d}
   (You found it on level 1 of the Dungeon)
 q - an uncursed amulet of guardian spirit {Spirit}
   (You found it on level 2 of the Dungeon)
Scrolls
 b - a scroll of enchant weapon {unknown}
 d - a scroll of magic mapping {unknown}
 f - a scroll of identify
 i - a scroll of amnesia {unknown}
 n - a scroll of immolation {unknown}
 o - a scroll of remove curse {unknown}
 p - a scroll of teleportation {unknown}
Potions
 e - 3 potions of mutation {unknown}
 h - 2 potions of magic {unknown}
 l - 2 potions of curing {unknown}
 m - 3 potions of heal wounds {unknown}
Comestibles
 c - 2 rations


   Skills:
 - Level 2.1 Dodging
 - Level 2.0 Stealth
 + Level 2.6 Spellcasting
 * Level 3.8 Conjurations
 + Level 4.7 Air Magic


You had 2 spell levels left.
You knew the following spells:

 Your Spells              Type           Power        Failure   Level  Hunger
a - Shock                 Conj/Air       ###.         3%          1    #......
b - Static Discharge      Conj/Air       ###.....     10%         3    ###....
s - Swiftness             Chrm/Air       #.......     11%         2    ##.....

Your spell library contained the following spells:

 Spells                   Type           Power        Failure   Level  Hunger
 Airstrike                Air            ###.......   28%         4    #####..
 Lightning Bolt           Conj/Air       ###.......   67%         5    ######.


Dungeon Overview and Level Annotations

Branches:
Dungeon (2/15)

Altars:
Fedhas
Qazlal


Innate Abilities, Weirdness & Mutations

You have a beak for a mouth.
You have claws for feet.


Message History

Aim: an adder (severely wounded)
The zap hits the adder.
You kill the adder!
You have reached level 4!
You feel stronger.
Health restored: 24 You now have 4/8 mp.
You start resting.
MP restored: 8
As you read the scroll labeled ANGEHOVACI, it crumbles to dust.
It is a scroll of identify.
q - an uncursed amulet of guardian spirit You are feeling hungry.
You may need something to eat soon, looking for food.
Can't find anything matching that.
Sorry, you're not good enough to have a special ability.
Found a stone staircase leading down.
Found a stone staircase leading down.
A goblin comes into view.
A rat comes into view.
The helpless goblin fails to defend itself.
You hit the goblin.
You kill the goblin!
The rat bites you.
You take 1 damage, and have 23/24 hp.
You hit the rat. Your peck misses the rat. The rat closely misses you.
You hit the rat.
You kill the rat!
No target in view!
You may need something to eat soon, looking for food.
Can't find anything matching that.
Sorry, you're not good enough to have a special ability.
You butcher the goblin corpse.
r - a chunk of flesh {@w0} You see here a goblin skeleton. x2
Eating a chunk of flesh {@w0}.
You eat the chunk of flesh {@w0}.
A jackal comes into view.
The jackal barks!
You hear a bark!
A jackal comes into view. x2
The jackal moves out of view.
You see here an amethyst potion.
There are monsters nearby!
l - 2 amethyst potions (gained 1)
The jackal barks!
The jackal barks!
You hear a shout!
You closely miss the jackal. The jackal closely misses you.
You hit the jackal. You claw the jackal. The jackal bites you.
A jackal comes into view.
You closely miss the jackal. The jackal barely misses you.
The jackal bites you. The jackal completely misses you.
You take 2 damage, and have 21/24 hp.
You barely miss the jackal. The jackal completely misses you.
The jackal misses you.
The jackal barks!
You hit the jackal.
You kill the jackal!
The jackal closely misses you. The jackal misses you.
You barely miss the jackal. You claw the jackal.
You kill the jackal!
The jackal bites you. x2
A goblin comes into view. It is wielding a +0 dagger.
You take 6 damage, and have 15/24 hp.
MASSIVE DAMAGE!!
The goblin shouts!
The jackal bites you but does no damage.
The jackal barely misses you. The jackal bites you.
You take 2 damage, and have 13/24 hp.
The jackal bites you. The jackal closely misses you.
You take 1 damage, and have 12/24 hp.
You see here a ring mail.
You hit the jackal. Your peck misses the jackal. The jackal closely misses you.
You barely miss the jackal. Your peck misses the jackal.
The jackal bites you but does no damage.
The jackal closely misses you. The jackal bites you. x2
You take 4 damage, and have 9/24 hp.
You hit the jackal. Your kick misses the jackal.
The jackal barely misses you. x2
You closely miss the jackal. Your kick misses the jackal.
The jackal closely misses you. The jackal completely misses you.
You hit the jackal. You peck the jackal, but do no damage.
The jackal closely misses you. The jackal bites you.
The jackal closely misses you. The jackal misses you.
You take 1 damage, and have 8/24 hp.
You closely miss the jackal. You claw the jackal.
The jackal bites you but does no damage.
The jackal bites you.
* * * LOW HITPOINT WARNING * * *
You take 1 damage, and have 7/24 hp.
You barely miss the jackal. Your kick misses the jackal.
The jackal bites you but does no damage.
The jackal bites you.
* * * LOW HITPOINT WARNING * * *
The jackal bites you.
* * * LOW HITPOINT WARNING * * *
The jackal closely misses you.
You take 3 damage, and have 4/24 hp.
You barely miss the jackal. The jackal bites you.
* * * LOW HITPOINT WARNING * * *
The jackal bites you.
You die...

#.###.### #.# #... #.#.....##
#####... #.#.#.##.### #.....
#........#.#####.##
##............ #.##
#.......#..##.#.#.
#..##.<........... ..
#...........#.#.#. ...
#@h...........#.#.
..###########h#.##.....## #.#.
#.=........#g#.##.########.#.
#..........#.....>...........
.###....g...>......#.###.##.....
...................#.# #.##.....
#.............##.#.###.##.....
#.............................
##....รท.........#.#.######.....


You could see 2 jackals and a goblin.

Vanquished Creatures
  A gnoll (D:1)
  2 adders (D:2)
  2 dart slugs
  A leopard gecko (D:2)
  A giant cockroach (D:1)
  8 goblins
  A hobgoblin (D:1)
  6 jackals
  A quokka (D:2)
  2 ball pythons (D:1)
  3 bats (D:1)
  A frilled lizard (D:1)
  3 kobolds
  3 rats
35 creatures vanquished.

Notes
Turn   | Place    | Note
-------+----------+-------------------------------------------
     0 | D:1      | Firecrotchwizard the Tengu Air Elementalist began the quest
                  | for the Orb.
     0 | D:1      | Reached XP level 1. HP: 10/10 MP: 4/4
   106 | D:1      | Reached skill level 2 in Conjurations
   165 | D:1      | Reached XP level 2. HP: 15/15 MP: 3/6
   854 | D:1      | Reached XP level 3. HP: 16/19 MP: 7/7
   858 | D:1      | Learned a level 2 spell: Swiftness
   862 | D:1      | Learned a level 3 spell: Static Discharge
   876 | D:1      | Reached skill level 3 in Conjurations
  1319 | D:2      | Found a stormy altar of Qazlal.
  1319 | D:2      | Found a blossoming altar of Fedhas.
  1855 | D:2      | Reached XP level 4. HP: 24/24 MP: 4/8
  1939 | D:2      | HP: 6/24 [jackal (1)]
  1940 | D:2      | HP: 1/24 [jackal (3)]
  1940 | D:2      | Slain by a jackal

Levels and vault maps discovered:
D:1:      co_arrival_random_square_maze, layout_basic
D:2:      layout_basic, grunt_temple_overflow_forces_of_nature

Skill      XL: |  1  2  3 |
---------------+----------+-----
Conjurations   | 2 3 |  3.8
Dodging        | |  2.1
Stealth        | |  2.0
Spellcasting   | |  2.6
Air Magic      | |  4.7

Action                   |  1- 3 |  4- 6 || total
-------------------------+-------+-------++-------
Melee: Unarmed           |     7 |       ||     7
       Kick              |    12 |     3 ||    15
       Peck              |     7 |     1 ||     8
       Club              |    27 |       ||    27
       Dagger            |    13 |    17 ||    30
 Cast: Shock             |    35 |     1 ||    36
  Use: Scroll            |       |     1 ||     1
 Stab: Sleeping          |     3 |     1 ||     4
  Eat: Chunk             |     3 |     1 ||     4
Armor: Robe              |    18 |     4 ||    22
Dodge: Dodged            |    53 |    20 ||    73

Table legend:
 A = Non-vault XP
 B = Vault XP
 C = Vault XP percentage of total XP
 D = Non-vault monster count
 E = Vault monster count
 F = Vault count percentage of total count
                 A         B        C        D         E       F
            +---------+---------+-------+---------+---------+-------
      Total |      98 |       0 |   0.0 |      35 |       0 |   0.0
            +---------+---------+-------+---------+---------+-------
        D:1 |      55 |       0 |   0.0 |      25 |       0 |   0.0
        D:2 |      43 |       0 |   0.0 |      10 |       0 |   0.0
            +---------+---------+-------+---------+---------+-------

Levels and vault maps discovered:
D:1:      co_arrival_random_square_maze, layout_basic
D:2:      layout_basic, grunt_temple_overflow_forces_of_nature

Table legend:
 A = Turns spent in this place as a percentage of turns spent in the entire game.
 B = Non-inter-level travel turns spent in this place as a percentage of non-inter-level travel turns spent in the entire game.
 C = Inter-level travel turns spent in this place as a percentage of turns spent in this place.
 D = Turns resting spent in this place as a percentage of non-inter-level travel turns spent in this place.
 E = Turns spent auto-exploring this place as a percentage of non-inter-level travel turns spent in this place.
 F = Non-inter-level travel turns spent in this place divided by the number of levels of this place that you've seen.
                   A       B       C       D       E      F
               +-------+-------+-------+-------+-------+----------------------
         Total | 100.0 | 100.0 |   2.4 |  50.9 |  34.1 | 946.5
       Dungeon | 100.0 | 100.0 |   2.4 |  50.9 |  34.1 | 946.5
               +-------+-------+-------+-------+-------+----------------------

Table legend:
 A = Kills in this place as a percentage of kills in entire the game.
 B = Kills by you in this place as a percentage of kills by you in the entire game.
 C = Kills by friends in this place as a percentage of kills by friends in the entire game.
 D = Other kills in this place as a percentage of other kills in the entire game.
 E = Experience gained in this place as a percentage of experience gained in the entire game.
 F = Experience gained in this place divided by the number of levels of this place that you have seen.
                   A       B       C       D       E      F
               +-------+-------+-------+-------+-------+----------------------
         Total | 100.0 | 100.0 |   N/A |   N/A | 100.0 |  49.0
       Dungeon | 100.0 | 100.0 |   N/A |   N/A | 100.0 |  49.0
               +-------+-------+-------+-------+-------+----------------------
